Map: Bel'Shir Vestige LE (Void)

Players

uThermal - Winner!

  • Race: Terran Terran
  • Spawn Location: 11:00

miwa

  • Race: Zerg Zerg
  • Spawn Location: 5:00

Event: WCS Austin 2017

VOD

Have the link to the VOD?

Description

Time

  • Played on: April 28, 2017, 1:49 p.m.
  • Length: 6:11

All games in this series

Show
View Real Time Build Order
Export as new Build Order

uThermal Terran - Winner!

Build Orders: Reaper Expand, Hellion Banshee 

Get SALT Encoding   

  12  0:01  SCV  
  13  0:13  SCV  
  14  0:17  Supply Depot  
  14  0:25  SCV  
  15  0:29  Refinery  
  15  0:38  SCV  
  16  0:44  Barracks  
  16  0:51  SCV  
  17  1:03  SCV  
  18  1:15  SCV  
  19  1:32  Reaper, Orbital Command  
  20  1:41  Command Center  
  20  1:51  Factory  
  20  1:57  SCV  
  21  2:06  Barracks Reactor  
  21  2:09  SCV  
  21  2:13  Supply Depot, Refinery  
  22  2:21  SCV  
  23  2:35  SCV  
  24  2:45  Starport  
  24  2:47  SCV  
  24  2:48  Hellion x2  
  29  2:54  Orbital Command  
  29  2:59  SCV  
  30  3:09  Hellion x2  
  30  3:11  SCV  
  30  3:12  Marine  
  36  3:20  SCV  
  36  3:23  Viking, SCV  
  40  3:32  Supply Depot, SCV  
  43  3:34  Hellion  
  43  3:36  Barracks Tech Lab  
  43  3:37  SCV  
  44  3:46  Hellion  
  46  3:54  SCV  
  47  3:55  Supply Depot  
  47  3:56  SCV  
  47  4:02  Raven  
  50  4:09  SCV  
  51  4:11  Barracks Tech Lab  
  51  4:16  SCV  
  52  4:19  Command Center  
  52  4:20  Engineering Bay  
  52  4:22  SCV  
  53  4:24  Engineering Bay  
  53  4:28  SCV  
  53  4:30  Marine  
  55  4:35  Refinery  
  55  4:36  Refinery  
  55  4:38  Cloaking Field  
  55  4:40  SCV  
  55  4:41  SCV  
  55  4:46  Banshee  
  55  4:52  SCV  
  58  4:53  Supply Depot, SCV  
  59  5:00  Cyclone  
  59  5:05  Supply Depot  
  62  5:15  SCV x2  
  64  5:22  Cyclone  
  64  5:27  SCV x2  
  69  5:32  Orbital Command  
  72  5:39  SCV x2  
  75  5:51  SCV x2  
Show
View Real Time Build Order
Export as new Build Order

miwa Zerg 

Build Orders: Hatch First 

Get SALT Encoding   

  12  0:00  Drone  
  13  0:08  Drone  
  14  0:17  Overlord  
  14  0:23  Extractor  
  14  0:24  Drone  
  15  0:35  Drone x2  
  17  0:51  Hatchery  
  17  0:55  Drone  
  17  1:08  Spawning Pool  
  17  1:10  Drone  
  17  1:14  Extractor  
  17  1:16  Drone  
  17  1:20  Drone  
  18  1:26  Drone  
  19  1:37  Overlord  
  19  1:55  Queen, Zergling x2  
  19  1:59  Zergling x2  
  23  2:03  Drone  
  24  2:09  Queen  
  24  2:10  Drone  
  24  2:15  Drone  
  28  2:20  Metabolic Boost  
  28  2:23  Drone  
  28  2:30  Drone  
  28  2:33  Drone  
  30  2:39  Drone  
  30  2:40  Queen  
  33  2:44  Drone  
  33  2:47  Overlord  
  34  2:55  Drone  
  34  3:00  Drone  
  34  3:03  Drone  
  35  3:09  Drone, Queen  
  35  3:12  Drone x3  
  41  3:20  Roach Warren  
  41  3:21  Extractor  
  41  3:22  Drone x3  
  42  3:29  Overlord  
  39  4:02  Roach x2  
  43  4:04  Overlord  
  43  4:08  Overlord  
  43  4:13  Overlord  
  43  4:19  Overlord  
  43  4:28  Roach x2  
  43  4:29  Roach x2  
  51  4:33  Roach x4  
  59  4:39  Overlord  
  59  4:41  Roach x2  
  58  4:54  Zergling x4  
  58  4:55  Zergling x2  
  61  5:02  Zergling x4  
  61  5:03  Zergling x4  
  65  5:13  Zergling x4  
  69  5:21  Ravager x3  
  69  5:23  Zergling x4  
  70  5:29  Zergling x2  
  70  5:30  Zergling x4  
  70  5:33  Zergling x2  
  60  5:50  Ravager x2  
  60  5:53  Zergling x8  
  60  5:54  Zergling x2  
Tags
 
Add a new tag
Caveats
  • Supply blocks, unpowered buildings, or Contaminate may cause inaccurate times.
  • Supply counts are checked every 10 seconds.